 Dungeon Crawl Stone Soup version 0.16.0-8-gd9ae3a8 (webtiles) character file.

18351 LeonS the Protected (level 12, -3/89 HPs)
             Began as a Mummy Berserker on Mar 16, 2015.
             Was a High Priest of Trog.
             Slain by a deep troll (15 damage)
             ... summoned by the player character
             ... on level 4 of the Lair of Beasts.
             The game lasted 01:56:04 (18464 turns).

LeonS the Protected (Mummy Berserker)              Turns: 18464, Time: 01:56:05

Health: -3/89      AC: 24    Str: 20    XL:     12   Next: 26%
Magic:  12/12      EV:  8    Int:  6    God:    Trog [*****.]
Gold:   831        SH:  0    Dex: 15    Spells: 0 memorised, 11 levels left

rFire  + + .     SeeInvis .     v - +7 great mace "Firestarter" {flame, inner flame, rF++, The Mace of Mike}
rCold  + . .     Clarity  .     k - +1 plate armour
rNeg   + + +     SustAb   .     (no shield)
rPois  ∞         Gourm    .     D - +2 hat
rElec  .         Spirit   .     s - +2 cloak {MR+}
rCorr  .         Warding  .     y - +0 pair of gloves
rMut   .         Stasis   .     w - +0 pair of boots
MR     ++...                    m - amulet of faith
Stlth  ..........               u - ring of protection from fire
                                c - ring of teleport control

@: very resistant to hostile enchantments, extremely unstealthy
A: no food or potions, fire vulnerability, restore body, cold resistance 1,
negative energy resistance 3, poison resistance, torment resistance, unbreathing
a: Burn Spellbooks, Trog's Hand, Brothers in Arms, Renounce Religion, Evoke
Teleport Control


You were on level 4 of the Lair of Beasts.
You worshipped Trog.
Trog was extremely pleased with you.
You were not hungry.

You visited 4 branches of the dungeon, and saw 18 of its levels.
You also visited: Volcano.

You collected 1111 gold pieces.
You spent 280 gold pieces at shops.

Inventory:

Hand weapons
 a - a +0 falchion
 i - a +0 demon blade of venom
 v - the +7 great mace "Firestarter" (weapon) {flame, inner flame, rF++, The Mace of Mike}
   (You found it on level 6 of the Dungeon)

   It has been specially enchanted to burn those struck by it, causing extra
   injury to most foes and up to half again as much damage against particularly
   susceptible opponents.
   It greatly protects you from fire.
Missiles
 p - 8 poisoned tomahawks (quivered)
 z - 4 tomahawks of returning
Armour
 k - a +1 plate armour (worn)
 s - a +2 cloak of magic resistance (worn)
 w - a +0 pair of boots (worn)
 y - a +0 pair of gloves (worn)
 D - a +2 hat (worn)
Rods
 G - a +1 rod of destruction (9/9)
   (You took it off a big kobold on level 11 of the Dungeon)
Jewellery
 c - a ring of teleport control (left hand)
 m - an amulet of faith (around neck)
 u - a ring of protection from fire (right hand)
Magical devices
 t - a wand of lightning (3)
 E - a wand of flame (16)
 F - a wand of paralysis (9)
 H - a wand of teleportation (3)
 I - a wand of teleportation (5)
Scrolls
 b - 6 scrolls of remove curse
 d - 3 scrolls of enchant weapon
 e - 5 scrolls of teleportation
 f - a scroll of vulnerability {unknown}
 g - 4 scrolls of amnesia
 h - 4 scrolls of fog
 j - 3 scrolls of magic mapping
 l - 4 scrolls of immolation
 n - 3 scrolls of fear
 o - a scroll of blinking
 q - 3 scrolls of recharging
 r - a scroll of random uselessness
 x - 2 scrolls of holy word
 A - a scroll of noise
 B - a scroll of summoning
 C - 2 scrolls of torment {unknown}


   Skills:
 - Level 6.3 Fighting
 - Level 5.7 Long Blades
 + Level 10.5 Maces & Flails
 - Level 0.5 Throwing
 - Level 11.2 Armour
 * Level 3.5 Dodging
 - Level 1.0 Stealth


You had 11 spell levels left.
You didn't know any spells.

Dungeon Overview and Level Annotations

Branches:
Dungeon (12/15)            Temple (1/1) D:4            Lair (4/8) D:8
    Orc (1/4) D:11
  Swamp: Lair:3-6    Shoals: Lair:3-6     Snake: Lair:3-6    Spider: Lair:3-6

Altars:
Ashenzari
Cheibriados
Dithmenos
Elyvilon
Fedhas
Gozag
Kikubaaqudgha
Nemelex Xobeh
Okawaru
Qazlal
Ru
Sif Muna
Trog
Vehumet
Xom
Yredelemnul
Zin
The Shining One
Beogh

Shops:
D:11 ?

Annotations:
D:6 wojtek's ghost, experienced KoAs
D:10 2 runed doors


Innate Abilities, Weirdness & Mutations

You do not eat or drink.
Your flesh is vulnerable to fire.
Your flesh is cold resistant.
You are immune to negative energy.
Your system is resistant to poisons.
You are immune to unholy pain and torment.
You can survive without breathing.


Message History

The deep troll is engulfed in roaring flames.
The deep troll bites you!!
The deep troll claws you but does no damage. x2
The deep troll is engulfed in roaring flames.
A hippogriff comes into view.
The deep troll is engulfed in roaring flames.
The deep troll bites you!! The deep troll closely misses you.
The deep troll barely misses you.
There is a stone staircase leading up here.
You can't go down here!
The deep troll is engulfed in roaring flames.
The deep troll completely misses you.
The deep troll claws you but does no damage.
The deep troll claws you!
* * * LOW HITPOINT WARNING * * *
The deep troll is engulfed in roaring flames.
The deep troll bites you but does no damage.
The deep troll claws you but does no damage.
The deep troll claws you!
You die...

#..[..# .####. .
##....#####.......
...##.....#.#.#.......
.........#..........#.
........†..............
.......§§§.............
.......§§§.....P.......
.##...#§T§..####..#...
.....##.@### ..# .
...#.#...# .# .. #....#
.. #P..... ## #.......
...H..... #..P#.....
......... ....


You could see a deep troll (berserk) and a hippogriff.

Vanquished Creatures
  Fannar (Lair:4)
  2 hill giants
  A centaur skeleton (D:10)
  3 spiny frogs
  A troll (D:10)
  The ghost of biguglyfish the Conjurer, an experienced TeWz of Vehumet (D:5)
  A two-headed ogre (D:10)
  2 komodo dragons
  2 fire drakes
  The ghost of LeonS the Skirmisher, an average DsAK of Lugonu (D:4)
  7 blink frogs
  A wraith (D:9)
  A wyvern (D:9)
  A human (D:8)
  15 yaks
  2 hungry ghosts
  3 fire bats (Orc:1)
  A deep elf fighter (D:8)
  A hippogriff (Lair:1)
  4 wolves (Lair:1)
  3 water moccasins
  8 porcupines
  8 spiders (Lair:3)
  5 orc warriors
  6 sky beasts
  2 ice beasts
  2 centaurs
  A wasp (D:10)
  8 ogres
  A big kobold (D:11)
  9 giant frogs
  7 crocodiles
  A wyvern zombie (D:11)
  5 scorpions
  3 lava snakes (Volcano)
  3 goliath beetles
  6 hounds
  4 jellies
  A centaur zombie (D:8)
  A quasit (D:7)
  2 crimson imps
  8 orc priests
  A gnoll shaman (D:9)
  4 worker ants
  3 giant frog skeletons
  5 iguanas
  11 orc wizards
  Natasha (twice) (D:6)
  2 sheep (D:11)
  A mummy (D:8)
  A worker ant zombie (D:11)
  27 river rats
  11 adders
  A giant mite (D:2)
  3 gnolls (D:9)
  A shadow imp (D:6)
  2 worms
  An adder skeleton (D:4)
  6 giant geckos
  57 orcs
  22 bats
  A bat zombie (D:5)
  4 giant cockroaches
  16 goblins
  12 hobgoblins
  11 kobolds
  An ooze (D:2)
  5 quokkas
  A giant cockroach zombie (D:5)
  14 jackals
  A kobold zombie (D:11)
  18 rats
  2 ballistomycetes (D:8)
  8 fungi
  6 plants (D:8)
406 creatures vanquished.

Vanquished Creatures (collateral kills)
  Gastronok (Lair:1)
  A cyclops (D:11)
  5 slime creatures (D:11)
  A steam dragon (D:11)
  A crimson imp (D:11)
  2 iguanas
  2 sheep (D:11)
  An orc (D:11)
14 creatures vanquished.

Vanquished Creatures (others)
  An ogre (D:11)
  A shadow imp (D:11)
  A giant spore (D:8)
  A fungus (Lair:1)
4 creatures vanquished.

Grand Total: 424 creatures vanquished

Notes
Turn   | Place    | Note
--------------------------------------------------------------
     0 | D:1      | LeonS, the Mummy Berserker, began the quest for the Orb.
     0 | D:1      | Reached XP level 1. HP: 18/18 MP: 1/1
   770 | D:1      | Reached XP level 2. HP: 24/24 MP: 2/2
   870 | D:2      | Found a sparkling altar of Nemelex Xobeh.
  1229 | D:2      | Reached XP level 3. HP: 29/29 MP: 3/3
  1467 | D:2      | Found a shattered altar of Ashenzari.
  1789 | D:2      | Found a stormy altar of Qazlal.
  1812 | D:2      | Acquired Trog's second power
  2045 | D:2      | Noticed an ogre
  2250 | D:3      | Reached XP level 4. HP: 30/37 MP: 4/4
  2324 | D:4      | Reached XP level 5. HP: 27/42 MP: 5/5
  2526 | D:4      | Noticed a scorpion
  2536 | D:4      | Killed a scorpion
  2536 | D:4      | Reached skill level 4 in Fighting
  2765 | D:4      | Found a bloodstained altar of Trog.
  2789 | D:4      | Reached XP level 6. HP: 26/48 MP: 6/6
  2991 | D:4      | Noticed LeonS's ghost (average DsAK)
  3023 | D:4      | Killed LeonS's ghost
  3393 | D:4      | Reached XP level 7. HP: 55/55 MP: 7/7
  3426 | D:4      | Found a deep blue altar of Sif Muna.
  3569 | D:4      | Found a staircase to the Ecumenical Temple.
  3599 | D:5      | Entered Level 5 of the Dungeon
  3620 | Temple   | Entered the Ecumenical Temple
  3774 | D:5      | Noticed biguglyfish's ghost (experienced TeWz)
  3816 | D:5      | Killed biguglyfish's ghost
  3816 | D:5      | Reached skill level 5 in Fighting
  3816 | D:5      | Reached skill level 1 in Stealth
  4172 | D:5      | Reached skill level 5 in Long Blades
  4172 | D:5      | Reached XP level 8. HP: 50/63 MP: 8/8
  4716 | D:5      | Reached skill level 6 in Fighting
  4716 | D:5      | Reached skill level 5 in Armour
  5126 | D:6      | Found an ancient bone altar of Kikubaaqudgha.
  5127 | D:6      | Found an opulent altar of Gozag.
  5129 | D:6      | Found a blossoming altar of Fedhas.
  5129 | D:6      | Found a radiant altar of Vehumet.
  5129 | D:6      | Found a basalt altar of Yredelemnul.
  5237 | D:6      | Acquired Trog's third power
  5391 | D:6      | Noticed wojtek's ghost (experienced KoAs)
  5701 | D:6      | Reached skill level 1 in Maces & Flails
  5747 | D:6      | Noticed Natasha
  5751 | D:6      | Killed Natasha
  5920 | D:6      | Noticed Natasha
  5947 | D:6      | Killed Natasha
  6078 | D:6      | Found a snail-covered altar of Cheibriados.
  6326 | D:7      | Reached XP level 9. HP: 54/70 MP: 9/9
  6739 | D:7      | Found a shadowy altar of Dithmenos.
  7267 | D:8      | Found a white marble altar of Elyvilon.
  7881 | D:8      | Found a staircase to the Lair.
  7882 | D:8      | Received a gift from Trog
  7895 | Lair:1   | Entered Level 1 of the Lair of Beasts
  8629 | D:8      | Received a gift from Trog
  8645 | D:8      | Reached skill level 5 in Maces & Flails
  9050 | D:9      | Found a white marble altar of Elyvilon.
  9177 | D:9      | Reached skill level 7 in Armour
  9460 | D:9      | You fall through a shaft for 3 floors!
  9574 | D:10     | Entered Level 10 of the Dungeon
  9615 | D:10     | Reached XP level 10. HP: 77/77 MP: 10/10
 10279 | D:9      | Found a shadowy altar of Dithmenos.
 10577 | D:10     | Found a runed door.
 10703 | D:10     | Found a runed door.
 10719 | D:10     | Found a runed door.
 10736 | D:10     | Found a runed door.
 10843 | D:10     | Noticed a hill giant
 10852 | D:10     | Killed a hill giant
 10852 | D:10     | Reached skill level 8 in Armour
 11766 | D:10     | Noticed a centaur skeleton
 11771 | D:10     | Killed a centaur skeleton
 12422 | D:11     | Noticed a hill giant
 12571 | D:11     | Killed a hill giant
 12571 | D:11     | Reached skill level 9 in Armour
 12594 | D:11     | Found a roughly hewn altar of Beogh.
 12804 | D:11     | Found a staircase to the Orcish Mines.
 12817 | Orc:1    | Entered Level 1 of the Orcish Mines
 12820 | Orc:1    | Found a bloodstained altar of Trog.
 12890 | Orc:1    | Received a gift from Trog
 12892 | Orc:1    | Reached XP level 11. HP: 69/82 MP: 11/11
 12896 | Orc:1    | Found a dark tunnel.
 12911 | Volcano  | Entered a volcano
 13414 | D:11     | Noticed a cyclops
 13674 | D:11     | Killed a cyclops
 14214 | D:11     | Found Gump's Magic Scroll Boutique.
 14331 | D:11     | Bought a scroll of teleportation for 48 gold pieces
 14331 | D:11     | Bought a scroll of remove curse for 48 gold pieces
 14331 | D:11     | Bought a scroll of identify for 32 gold pieces
 14331 | D:11     | Bought a scroll of enchant armour for 120 gold pieces
 14331 | D:11     | Bought a scroll of identify for 32 gold pieces
 14409 | D:12     | Noticed a cyclops
 15092 | Lair:1   | Noticed a spiny frog
 15101 | Lair:1   | Killed a spiny frog
 15370 | Lair:1   | Noticed a fire drake
 15373 | Lair:1   | Killed a fire drake
 15374 | Lair:1   | Reached skill level 10 in Armour
 15829 | Lair:1   | Noticed Gastronok
 15835 | Lair:1   | Killed Gastronok
 16478 | Lair:2   | Received a gift from Trog
 17179 | Lair:2   | Reached skill level 10 in Maces & Flails
 17731 | Lair:3   | Reached XP level 12. HP: 89/89 MP: 12/12
 17967 | Lair:3   | Found a hole to the Spider Nest.
 17973 | Lair:3   | Received a gift from Trog
 17980 | Lair:3   | Reached skill level 11 in Armour
 18442 | Lair:4   | Noticed Fannar
 18461 | Lair:4   | Killed Fannar
 18464 | Lair:4   | Slain by a deep troll

Action                   |  1- 3 |  4- 6 |  7- 9 | 10-12 || total
-------------------------+-------+-------+-------+-------++-------
Melee: Falchion          |   134 |   146 |   168 |       ||   448
       Great mace        |       |       |   232 |   394 ||   626
Throw: Tomahawk          |       |       |    10 |       ||    10
Invok: Burn Spellbooks   |       |       |     2 |     2 ||     4
       Brothers in Arms  |       |       |     1 |     6 ||     7
       Trog's Hand       |       |       |       |     1 ||     1
Evoke: Wand              |       |       |       |     3 ||     3
  Use: Scroll            |       |       |     9 |    12 ||    21
 Stab: Distracted        |       |       |       |     1 ||     1
